 Dungeon Crawl Stone Soup version 0.32-a0-485-g70f7560b1c (webtiles) character file.

Game seed: 7571782751003125375

899 javelincjr the Chopper (level 7, -2/64 HPs)
             Began as a Minotaur Monk on Feb 26, 2024.
             Engulfed by a steam dragon's steam (4 damage)
             ... on level 5 of the Dungeon.
             The game lasted 00:12:43 (4626 turns).

javelincjr the Chopper (Minotaur Monk)              Turns: 4626, Time: 00:12:44

Health: -2/64      AC:  5    Str: 17    XL:     7   Next: 79%
Magic:  6/6        EV: 16    Int:  7    God:
Gold:   289        SH:  0    Dex: 13    Spells: 5/6 levels left

rFire   . . .        t - +1 war axe
rCold   . . .        d - orb {light}
rNeg    + . .        u - +0 scale mail
rPois   .            (helmet restricted)
rElec   .            q - +0 cloak
rCorr   .            n - +0 pair of gloves
SInv    .            (no boots)
Will    .....        (no amulet) Stlth
                     B - ring of positive energy
HPRegen 0.30/turn    w - +5 ring of evasion
MPRegen 0.10/turn

%: no passive effects
@: confused, ambrosia-drunk, corroded, glowing
A: horns 2, retaliatory headbutt
a: no special abilities


You were on level 5 of the Dungeon.
You visited 1 branch of the dungeon, and saw 6 of its levels.

You collected 289 gold pieces.

Inventory:

Hand Weapons
 a - a +0 hand axe
 i - a +0 sling
 k - a +0 dagger of draining
 l - a +4 quarterstaff of distortion
 o - a +0 dagger of venom
 t - a +1 war axe (weapon)
 A - a +2 dagger of protection
Missiles
 b - 30 poisoned darts
 e - 3 throwing nets (quivered)
 x - a curare-tipped dart
Armour
 d - an orb of light (worn)
 n - a +0 pair of gloves (worn)
 q - a +0 cloak (worn)
 r - a +0 chain mail
 u - a +0 scale mail (worn)
 v - a +0 plate armour
Jewellery
 m - a ring of wizardry
 w - a +5 ring of evasion (right hand)
 B - a ring of positive energy (left hand)
Talismans
 s - a flux talisman
Scrolls
 g - a scroll of torment
 j - 3 scrolls of teleportation
 y - 3 scrolls of poison {unknown}
Potions
 c - a potion of ambrosia
 f - a potion of might
 h - a potion of attraction {unknown}
 p - 2 potions of resistance {unknown}
 z - a potion of curing {unknown}
 C - 2 potions of lignification {unknown}
 D - a potion of invisibility {unknown}


   Skills:
 * Level 6.7 Fighting
 * Level 6.7 Axes
 + Level 3.7 Armour
 + Level 4.9 Dodging
 + Level 2.8 Stealth


You had 5 spell levels left.
You knew the following spells:

 Your Spells              Type           Power      Damage    Failure   Level
a - Sting                 Conj/Alch      0%         1d3       83%         1

Your spell library contained the following spells:

 Spells                   Type           Power      Damage    Failure   Level
 Necrotise                Necr           0%         1d4       83%         1
 Mercury Vapours          Alch/Air       0%         N/A       92%         2
 Call Canine Familiar     Summ           0%         N/A       99%         3
 Sigil of Binding         Hex            0%         N/A       99%         3
 Vampiric Draining        Necr           0%         2d6       99%         3
 Dimensional Bullseye     Hex/Tloc       0%         N/A       100%        4
 Martyr's Knell           Necr/Summ      0%         N/A       100%        4
 Olgreb's Toxic Radiance  Alch           0%         N/A       100%        4
 Passage of Golubria      Tloc           0%         N/A       100%        4
 Curse of Agony           Necr           0%         N/A       100%        5
 Silence                  Hex/Air        0%         N/A       100%        5
 Lehudib's Crystal Spear  Conj/Erth      0%         10d2      100%        8


Dungeon Overview and Level Annotations

Branches:
Dungeon (6/15)
 Temple: D:4-7

Altars:
Gozag
Sif Muna
Wu Jian
The Shining One

Shops:
D:3 :


Innate Abilities, Weirdness & Mutations

You have a pair of horns on your head.
You reflexively headbutt those who attack you in melee.


Message History

The steam dragon hisses angrily.
The steam dragon moves out of view.
A jelly and a black bear come into view.
Found an escape hatch in the floor.
The jelly quivers.
The black bear growls angrily.
The black bear moves out of view.
The steam dragon breathes steam at you. The ball of steam hits you!
The steam dragon attacks as it pursues you!
The steam dragon completely misses you. The steam dragon misses you.
The jelly attacks as it pursues you! The jelly barely misses you.
There is a stone staircase leading up here.
The jelly closely misses you. The steam dragon closely misses you. x2
You climb upwards.
There is a stone staircase leading down here.
The jelly closely misses you. You furiously retaliate!
You headbutt the jelly. The steam dragon bites you.
The steam dragon claws you but does no damage.
You slash the jelly! The acid corrodes you!
Your hands burn!
The jelly is heavily wounded.
The jelly barely misses you. You furiously retaliate!
You headbutt the jelly!
You kill the jelly!
You barely miss the steam dragon. The steam dragon misses you.
The steam dragon claws you.
You barely miss the steam dragon. Your headbutt misses the steam dragon.
The steam dragon breathes steam at you. The ball of steam hits you!!
You hit the steam dragon.
You headbutt the steam dragon, but do no damage.
The steam dragon is lightly wounded.
You are engulfed in a cloud of scalding steam.
* * * LOW HITPOINT WARNING * * *
The steam dragon bites you!
* * * LOW HITPOINT WARNING * * *
The steam dragon misses you.
You are confused.
You feel invigorated.
You are engulfed in a cloud of scalding steam.
You die...

# #.#
#.#########.##
####.#
#.#..........#
##...#
#.#.###.####.#
#.### #.#.#
#.# #.# #.#
#.#.###.####.#
#.#
#.#...>..§##.#
##.##
#.#####.#.##.#
#.#.## #.#
#.#§##.#
.###.# #.#
#.#@##.#
#.#..# #.#
#.#D##.#
...#.# #.#
#>.....#
####.# #.#
#.###### #.#
#.# #.# #.#
#.# #.# #.#
#.#####.# #.#
#..>.##.# #.#
####.##.#


You could see a steam dragon.

Vanquished Creatures
  A centaur (D:5)
  A kobold brigand (D:5)
  3 scorpions
  A wight (D:3)
  A howler monkey (D:5)
  A bombardier beetle (D:6)
  3 hounds
  A jelly (D:5)
  3 iguanas
  Jessica (D:2)
  Crazy Yiuf (D:5)
  A sleepcap (D:6)
  5 adders
  A shadow imp (D:6)
  A white imp (D:5)
  2 dart slugs (D:3)
  2 ribbon worms (D:3)
  5 orcs
  6 bats
  10 endoplasms
  A giant cockroach (D:4)
  9 goblins
  4 hobgoblins
  2 jackals (D:2)
  26 kobolds
  4 quokkas
  7 ball pythons
  2 frilled lizards
  4 rats
109 creatures vanquished.

Vanquished Creatures (others)
  2 orc wizards (D:5)
2 creatures vanquished.

Grand Total: 111 creatures vanquished

Notes
Turn   | Place    | Note
-------+----------+-------------------------------------------
     0 | D:1      | javelincjr the Minotaur Monk began the quest for the Orb.
     0 | D:1      | Reached XP level 1. HP: 19/19 MP: 0/0
   203 | D:1      | Reached XP level 2. HP: 27/27 MP: 1/1
   332 | D:1      | Found a faded altar of an unknown god.
   677 | D:2      | Noticed Jessica
   694 | D:2      | Killed Jessica
   695 | D:2      | Reached skill level 1 in Armour
   695 | D:2      | Reached XP level 3. HP: 9/33 MP: 2/2
   797 | D:2      | Found an ornate altar of the Wu Jian Council.
   854 | D:2      | Reached skill level 1 in Stealth
  1074 | D:2      | Reached XP level 4. HP: 35/41 MP: 3/3
  1493 | D:3      | Found Qaxas's Book Emporium.
  1741 | D:3      | Reached XP level 5. HP: 11/46 MP: 4/4
  1902 | D:3      | Learned a level 1 spell: Sting
  2141 | D:3      | Found a glowing golden altar of the Shining One.
  2567 | D:4      | Reached skill level 5 in Fighting
  2567 | D:4      | Reached skill level 5 in Axes
  2859 | D:4      | Reached XP level 6. HP: 56/56 MP: 5/5
  3271 | D:5      | Entered Level 5 of the Dungeon
  3293 | D:5      | Found a runed translucent door.
  3294 | D:5      | Noticed Crazy Yiuf
  3301 | D:5      | Killed Crazy Yiuf
  3682 | D:5      | Reached XP level 7. HP: 62/63 MP: 6/6
  3695 | D:5      | Found an opulent altar of Gozag.
  4179 | D:5      | Found a shimmering blue altar of Sif Muna.
  4611 | D:6      | Noticed a steam dragon
  4625 | D:5      | HP: 2/64 [steam dragon (8)]
  4626 | D:5      | Engulfed by a steam dragon's steam

Illustrated notes

Levels and vault maps discovered:
D:1:      heliophobic_arrival_ceremonial_halls, layout_basic,
          shapermc_ecumenical_altar_pompeii, serial_bayou_ford_a,
          minmay_octomino_e4
D:2:      layout_basic, basic_altar, uniq_jessica
D:3:      layout_basic, nicolae_tso_carved_into_rock, serial_shops,
          nicolae_shop_peninsula, minivault_23, hex_large,
          kennysheep_generic_room_6
D:4:      layout_basic
D:5:      kennysheep_kobold_camp, layout_loops_ring,
          mainiacjoe_overflow_tiny_flanked, led_sif_book,
          uniq_crazy_yiuf_cottage
D:6:      layout_cave_pools, mainiacjoe_overflow_cross_hatched,
          minmay_temple_entry_fiery, minmay_misc_feat_tower, kennysheep_diamond

Skill      XL: |  1  2  3  4  5  6 |
---------------+-------------------+-----
Fighting       | 4 5 6 |  6.7
Axes           | 4 5 6 |  6.7
Armour         | 1 2 3 |  3.7
Stealth        | 1 2 |  2.8
Dodging        | 4 |  4.9

Action                     |  1- 3 |  4- 6 |  7- 9 || total
---------------------------+-------+-------+-------++-------
  Melee: Hand axe          |    60 |    45 |       ||   105
         Headbutt          |    10 |    23 |     9 ||    42
         War axe           |       |    71 |    49 ||   120
   Fire: Sling             |       |       |     5 ||     5
    Use: Scroll            |       |     6 |       ||     6
         Potion            |       |       |     1 ||     1
 Armour: Leather armour    |    27 |       |       ||    27
         Ring mail         |    15 |    27 |       ||    42
         Scale mail        |       |    32 |    36 ||    68
  Dodge: Dodged            |    33 |    69 |    39 ||   141

Table legend: (Time is in decaauts)
 A = Elapsed time spent in this place.
 B = Non-inter-level travel time spent in this place.
 C = Inter-level travel time spent in this place.
 D = Time resting spent in this place.
 E = Time spent auto-exploring this place.
 F = Levels seen in this place.
 G = Mean time per level.
                   A        B        C        D        E       F      G
               +--------+--------+--------+--------+--------+-----+--------+
         Total |   4680 |   4500 |    180 |    141 |   3558 |   6 |  780.0 |
       Dungeon |   4680 |   4500 |    180 |    141 |   3558 |   6 |  780.0 |
               +--------+--------+--------+--------+--------+-----+--------+

Top non-repeatable levels by time:
     D:5: 1297 daAuts
     D:3: 1102 daAuts
     D:4: 790 daAuts
     D:2: 714 daAuts
     D:1: 695 daAuts
     D:6: 80 daAuts
